 Dungeon Crawl Stone Soup version 0.28.0-49-g6dfe1f597d (webtiles) character file.

Game seed: 9165064747234422823

6 Zeld the Insei (level 1, 0/13 HPs)
             Began as an Octopode Transmuter on May 15, 2022.
             Slain by a jackal (3 damage)
             ... on level 1 of the Dungeon.
             The game lasted 00:00:19 (294 turns).

Zeld the Insei (Octopode Transmuter)                 Turns: 294, Time: 00:00:20

Health: 0/13       AC:  1    Str:  9    XL:     1   Next: 90%
Magic:  3/3        EV: 13    Int: 15    God:
Gold:   0          SH:  0    Dex: 12    Spells: 3/4 levels left

rFire   . . .      SeeInvis .     - Unarmed
rCold   . . .      Faith    .   (no shield)
rNeg    . . .      Spirit   .   (helmet restricted)
rPois   .          Reflect  .   (no amulet)
rElec   .          Harm     .   (no ring)
rCorr   .          Rampage  .   (no ring)
Will    .....                   (no ring)
Stlth   ++........              (no ring)
HPRegen 0.04/turn               (no ring)
MPRegen 0.08/turn               (no ring)
                                (no ring)
                                (no ring)

@: no status effects
A: almost no armour, amphibious, 8 rings, camouflage 1, gelatinous body 1,
(nimble swimmer 1), tentacles
a: no special abilities


You were on level 1 of the Dungeon.
You visited 1 branch of the dungeon, and saw 1 of its levels.

You aren't carrying anything.


   Skills:
 - Level 1.0 Fighting
 - Level 2.0 Dodging
 + Level 0.5 Stealth
 - Level 3.0 Unarmed Combat
 * Level 2.1 Spellcasting
 * Level 2.1 Transmutations
 + Level 0.2 Ice Magic
 + Level 0.2 Poison Magic


You had 3 spell levels left.
You knew the following spells:

 Your Spells              Type           Power      Damage    Failure   Level
a - Beastly Appendage     Tmut           16%        N/A       9%          1

Your spell library contained the following spells:

 Spells                   Type           Power      Damage    Failure   Level
 Wereblood                Tmut           8%         N/A       14%         2
 Spider Form              Tmut/Pois      5%         N/A       36%         3
 Ice Form                 Ice/Tmut       5%         N/A       78%         4


Dungeon Overview and Level Annotations

Branches:
Dungeon (1/15)

Altars:
Trog


Innate Abilities, Weirdness & Mutations

You cannot wear most types of armour.
You are amphibious.
You can wear up to eight rings at the same time.
Your skin changes colour to match your surroundings (Stealth+).
Your rubbery body absorbs attacks. (AC +1, EV +1)
((You are camouflaged when in or above water. (Stealth+)))
You have tentacles for arms and can constrict up to eight enemies at once.


Message History

You kill the hobgoblin!
The kobold closely misses you.
You tentacle-slap the kobold.
You kill the kobold!
Your transformation is almost over.
A bat comes into view.
The bat moves out of view.
Things that are here:
a +0 short sword; a kobold corpse You tentacle-slap the hobgoblin.
You grab the hobgoblin.
You tentacle-slap the hobgoblin, but do no damage.
You squeeze the hobgoblin.
You kill the hobgoblin!
A jackal comes into view.
There are monsters nearby!
The jackal barks!
You hear a bark!
The jackal closely misses you.
You tentacle-slap the jackal. Your grab misses the jackal.
You squeeze the jackal, but do no damage.
The jackal is almost dead.
The bat hits you. The jackal completely misses you.
You closely miss the jackal. Your grab misses the jackal.
Your tentacle spike misses the jackal.
Your squeeze misses the jackal.
The jackal is almost dead.
The bat hits you but does no damage. The jackal misses you.
A jackal comes into view.
You closely miss the jackal. Your grab misses the jackal.
The jackal is almost dead.
The bat closely misses you. The jackal bites you. The bat hits you.
The jackal barely misses you.
You closely miss the jackal. You grab the jackal.
You squeeze the jackal, but do no damage.
The jackal is severely wounded.
Your tentacle spike disappears.
You constrict the jackal, but do no damage.
The bat barely misses you. The jackal closely misses you. The bat hits you.
* * * LOW HITPOINT WARNING * * *
You closely miss the bat. Your grab misses the bat. You constrict the jackal.
The bat hits you but does no damage. The jackal bites you.
You die...

. #.##.##
#..####.#...###
#.........#...#
....##.#...#(# # # #
#.##.##.##.### #.
#.##.##.##....
#.#####.##.##.######
#.h..)............†.
#.h@b......##.######
..................#
###########.#######
...# #####


You could see 2 jackals and a bat.

Vanquished Creatures
  3 hobgoblins (D:1)
  A quokka (D:1)
  A kobold (D:1)
5 creatures vanquished.

Notes
Turn   | Place    | Note
-------+----------+-------------------------------------------
     0 | D:1      | Zeld the Octopode Transmuter began the quest for the Orb.
     0 | D:1      | Reached XP level 1. HP: 13/13 MP: 3/3
     1 | D:1      | Found a bloodstained altar of Trog.
   294 | D:1      | Slain by a jackal

Illustrated notes

Levels and vault maps discovered:
D:1:      sevenhm_arrival_forest_fort_small_6, layout_loops_ring,
          chequers_ecumenical_altar_simple_redux

Action                   || total
-------------------------++-------
Melee: Unarmed           ||    15
       Constrict         ||     5
       Kick              ||     4
       Tentacles         ||     4
       Punch             ||     1
 Cast: Beastly Appendage ||     2
Armor: Skin              ||     3
Dodge: Dodged            ||    13
